 Dungeon Sprint DCSS version 0.20.1-1-g8b1a95d (webtiles) character file.

66 potatolord6000 the Caller (level 4, -4/38 HPs)
             Began as a Formicid Summoner on Aug 30, 2017.
             Was a Follower of Sif Muna.
             Slain by a yak (11 damage)
             ... in the Dungeon (Sprint V: "Ziggurat Sprint").
             The game lasted 00:03:51 (372 turns).

potatolord6000 the Caller (Formicid Summoner)        Turns: 372, Time: 00:03:52

Health: -4/38      AC:  2    Str: 18    XL:     4   Next: 37%
Magic:  9/16       EV:  5    Int: 33    God:    Sif Muna [*.....]
Gold:   0          SH: 27    Dex: 11    Spells: 0/12 levels left

rFire    . . .     SeeInvis +   c - +6 Majin-Bo {vamp, Archmagi MP+6 Int+6}
rCold    . . .     Gourm    .   f - +18 shield of the Gong {rElec rN+ MR+ EV-5}
rNeg     + . .     Faith    .   a - +0 robe
rPois    .         Spirit   .   (helmet unavailable)
rElec    +         Reflect  .   (no cloak)
rCorr    .         Harm     .   (no gloves)
MR       +....                  (no boots)
Stlth    ++........             (no amulet)
Regen    0.2/turn               l - +6 ring of intelligence
MPRegen  0.2/turn               m - +6 ring of intelligence

@: mighty
A: permanent stasis, dig shafts and tunnels, four strong arms, antennae 3
a: Dig, Divine Energy, Renounce Religion


You were in the Dungeon.
You worshipped Sif Muna.
Sif Muna was aware of your devotion.
You were not hungry.

You visited 1 branch

Inventory:

Hand Weapons
 c - the +6 Majin-Bo (weapon) {vamp, Archmagi MP+6 Int+6}
   (You found it in the Dungeon)

   It inflicts no extra harm, but heals its wielder when it wounds a living foe.
   It affects your intelligence (+6).
   It affects your magic capacity (+6).
Armour
 a - a +0 robe (worn)
 f - the +18 shield of the Gong (worn) {rElec rN+ MR+ EV-5}
   (You found it in the Dungeon)

   It affects your evasion (-5).
   It insulates you from electricity.
   It protects you from negative energy.
   It affects your resistance to hostile enchantments.
Jewellery
 l - a +6 ring of intelligence (left hand)
 m - a +6 ring of intelligence (right hand)
Scrolls
 p - 4 scrolls of amnesia
 q - 3 scrolls of recharging
 r - 7 scrolls of fog
 s - a scroll of holy word
 t - 5 scrolls of identify
 u - 5 scrolls of remove curse
 v - 2 scrolls of fear
Potions
 d - 10 potions of curing
 e - 6 potions of heal wounds
 g - 7 potions of magic
 h - 2 potions of brilliance
 i - 2 potions of invisibility
 j - 4 potions of resistance
 n - 5 potions of agility
 o - 4 potions of might
Books
 b - a book of Callings

   Spells                             Type                      Level
   a - Summon Small Mammal            Summoning                    1
   b - Call Imp                       Summoning                    2
   c - Call Canine Familiar           Summoning                    3
   d - Summon Guardian Golem          Hexes/Summoning              3
   e - Summon Lightning Spire         Summoning/Air                4
   f - Summon Ice Beast               Ice/Summoning                4
Comestibles
 w - 42 fruits
 x - 4 bread rations
 z - 4 meat rations


   Skills:
 + Level 4.4 Fighting
 + Level 4.0 Staves
 - Level 1.7 Dodging
 - Level 2.4 Stealth
 + Level 4.8 Shields
 + Level 4.5 Spellcasting
 + Level 5.8 Summonings


You couldn't memorise any spells.
You knew the following spells:

 Your Spells              Type           Power        Failure   Level  Hunger
a - Summon Small Mammal   Summ           ####         1%          1    None
b - Call Canine Familiar  Summ           ######..     3%          3    None
c - Summon Ice Beast      Ice/Summ       #####...     36%         4    ###....
d - Summon Lightning Spi  Summ/Air       #####...     36%         4    ###....


Dungeon Overview and Level Annotations

Branches:
Dungeon (1/1)

Altars:
Ashenzari
Cheibriados
Dithmenos
Elyvilon
Fedhas
Gozag
Hepliaklqana
Kikubaaqudgha
Makhleb
Nemelex Xobeh
Okawaru
Qazlal
Ru
Sif Muna
Trog
Uskayaw
Vehumet
Xom
Yredelemnul
Zin
The Shining One
Beogh
Jiyva
Lugonu

Annotations:
D 1 transporter


Innate Abilities, Weirdness & Mutations

You cannot be hasted, slowed, berserked, paralysed or teleported.
You can dig through walls and to a lower floor.
Your four strong arms can wield two-handed weapons with a shield.
You have a pair of large antennae on your head. (SInv)


Message History

Unknown command.
Unknown command.
You feel much better. You block the yak's attack.
PTOANNNG!
You block the yak's attack.
GONNNNG!
The porcupine bites you!
You feel much better. The yak gores you!
The porcupine twitches its whiskers.
You block the porcupine's attack.
GONNNNG!
You block the yak's attack.
GONNNNG!
Okay, then.
There are monsters nearby!
You feel very mighty all of a sudden. The porcupine bites you!
* * * LOW HITPOINT WARNING * * *
The yak gores you!
You die...

▓▓▓▓▓▓▓▓▓▓▓▓▓▓▓▓▓▓▓
▓.8©8.▓.8©8.▓.8©8.▓
▓.[=).▓.)}[.▓r....▓
▓..)..▓.....▓.}.=.▓
▓.....▓.....▓.....▓
▓.†...▓..)).▓.....▓
▓.YYr.▓...).▓.....▓
▓..@..▓.....▓▓▓▓▓▓▓
▓▓▓▓▓▓▓▓▓▓▓▓▓ {{{
{{{ { { {


You could see 2 yaks and a porcupine.

Vanquished Creatures
  An ooze (D)
  An orc (D)
2 creatures vanquished.

Vanquished Creatures (collateral kills)
  A jelly (D)
  An orc priest (D)
  An orc wizard (D)
  A jackal (D)
4 creatures vanquished.

Grand Total: 6 creatures vanquished

Notes
Turn   | Place    | Note
-------+----------+-------------------------------------------
     0 | D        | potatolord6000 the Formicid Summoner began the quest for the Orb.
     0 | D        | Reached XP level 1. HP: 13/13 MP: 3/3
     0 | D        | Found a bloodstained altar of Trog.
     0 | D        | Found a deep blue altar of Sif Muna.
     0 | D        | Found a sacrificial altar of Ru.
     0 | D        | Found a stormy altar of Qazlal.
     0 | D        | Found an iron altar of Okawaru.
     4 | D        | Found a sparkling altar of Nemelex Xobeh.
     5 | D        | Found an ancient bone altar of Kikubaaqudgha.
     5 | D        | Found a corrupted altar of Lugonu.
     5 | D        | Found a transporter.
     5 | D        | Found a burning altar of Makhleb.
     5 | D        | Found a viscous altar of Jiyva.
     5 | D        | Found a hazy altar of Hepliaklqana.
    18 | D        | Found an opulent altar of Gozag.
    32 | D        | Found a blossoming altar of Fedhas.
   106 | D        | Became a worshipper of Sif Muna the Loreminder
   145 | D        | Reached skill level 5 in Summonings
   145 | D        | Reached XP level 2. HP: 24/24 MP: 6/6
   174 | D        | Entered arena 2.
   174 | D        | Found a transporter.
   180 | D        | Reached XP level 3. HP: 24/30 MP: 8/8
   181 | D        | Reached * piety under Sif Muna
   247 | D        | Learned a level 3 spell: Call Canine Familiar
   257 | D        | Entered arena 3.
   257 | D        | Found a transporter.
   262 | D        | Reached XP level 4. HP: 37/37 MP: 2/10
   278 | D        | Learned a level 4 spell: Summon Ice Beast
   283 | D        | Learned a level 4 spell: Summon Lightning Spire
   356 | D        | Entered arena 4.
   356 | D        | Noticed a yak
   356 | D        | Noticed a yak
   356 | D        | Noticed a porcupine
   356 | D        | Found a transporter.
   372 | D        | Slain by a yak

Skill      XL: |  1  2  3  4 |
---------------+-------------+-----
Fighting       | 3 4 |  4.4
Staves         | 3 4 |  4.0
Shields        | 3 4 |  4.8
Spellcasting   | 3 4 |  4.5
Summonings     | 5 |  5.8
Dodging        | |  1.7
Stealth        | |  2.4

Action                   |  1- 3 |  4- 6 || total
-------------------------+-------+-------++-------
Melee: Quarterstaff      |     4 |     5 ||     9
 Cast: Summon Small Mamm |     8 |     4 ||    12
       Call Canine Famil |     3 |     2 ||     5
  Use: Potion            |     3 |     3 ||     6
  Eat: Bread ration      |     1 |       ||     1
Dodge: Dodged            |       |     1 ||     1
Block: Shield            |     4 |    10 ||    14
